 Dungeon Crawl Stone Soup version 0.21-a0-358-g8928369 (webtiles) character file.

67 Dfrag the Firebug (level 4, 0/30 HPs)
             Began as a Demonspawn Fire Elementalist on Oct 12, 2017.
             Slain by an adder (4 damage)
             ... on level 2 of the Dungeon.
             The game lasted 00:02:27 (1697 turns).

Dfrag the Firebug (Demonspawn Fire Elementalist)    Turns: 1697, Time: 00:02:27

Health: 0/30       AC:  4    Str:  8    XL:     4   Next: 0%
Magic:  0/8        EV: 18    Int: 18    God:
Gold:   221        SH:  0    Dex: 13    Spells: 4/8 levels left

rFire    . . .     SeeInvis .   h - +0 club
rCold    . . .     Gourm    .   (no shield)
rNeg     . . .     Faith    .   a - +0 robe
rPois    .         Spirit   +   (no helmet)
rElec    .         Reflect  .   (no cloak)
rCorr    .         Harm     .   (no gloves)
MR       .....                  (no boots)
Stlth    +++.......             (no amulet)
HPRegen  0.10/turn              d - +6 ring of evasion
MPRegen  0.11/turn              (no ring)

@: lethally poisoned (0 -> -6)
A: icy blue scales 1, nightstalker 1, magic shield
a: no special abilities


You were on level 2 of the Dungeon.
You were hungry.

You visited 1 branch of the dungeon, and saw 3 of its levels.

You collected 221 gold pieces.

Inventory:

Hand Weapons
 h - a +0 club (weapon)
Missiles
 q - 3 tomahawks of returning (quivered)
Armour
 a - a +0 robe (worn)
Jewellery
 d - a +6 ring of evasion (left hand)
 i - a +3 ring of intelligence {unknown}
Scrolls
 e - a scroll of enchant weapon {unknown}
 f - 5 scrolls of recharging {unknown}
 g - 3 scrolls of identify {unknown}
 j - 2 scrolls of magic mapping {unknown}
 k - 2 scrolls of remove curse {unknown}
 m - a scroll of amnesia {unknown}
 o - a scroll of teleportation {unknown}
 p - a scroll of enchant armour {unknown}
Potions
 l - 2 potions of curing {unknown}
 r - a potion of might {unknown}
 s - a potion of lignification {unknown}
 t - a potion of invisibility {unknown}
Books
 b - a book of Flames

   Spells                             Type                      Level
   a - Flame Tongue                   Conjuration/Fire             1
   b - Throw Flame                    Conjuration/Fire             2
   c - Conjure Flame                  Conjuration/Fire             3
   d - Inner Flame                    Hexes/Fire                   3
   e - Sticky Flame                   Conjuration/Fire             4
   f - Fireball                       Conjuration/Fire             5
Comestibles
 c - 4 bread rations
 n - a meat ration


   Skills:
 - Level 1.7 Dodging
 - Level 1.7 Stealth
 + Level 2.8 Spellcasting
 + Level 2.2 Conjurations
 + Level 3.3 Fire Magic


You had 4 spell levels left.
You knew the following spells:

 Your Spells              Type           Power        Failure   Level  Hunger
a - Flame Tongue          Conj/Fire      ##...        5%          1    None
b - Conjure Flame         Conj/Fire      ##......     16%         3    ###....


Dungeon Overview and Level Annotations

Branches:
Dungeon (3/15)

Altars:


Innate Abilities, Weirdness & Mutations

You are partially covered in icy blue scales. (AC +2)
You are slightly more attuned to the shadows.
When hurt, damage is shared between your health and your magic reserves.


Message History

You miss the adder.
The adder is severely wounded.
You feel sick. The adder closely misses you. x2
You barely miss the adder.
The adder is severely wounded.
The adder bites you.
* * * LOW HITPOINT WARNING * * *
You are more poisoned.
The adder poisons you! The adder bites you.
* * * LOW HITPOINT WARNING * * *
Casting: Flame Tongue
Confirm with . or Enter, or press ? or * to list all spells.
Aiming: Flame Tongue
Press: ? - help, Shift-Dir - straight line, f/p - adder
Aim: an adder (severely wounded)
The flame tongue hits the adder.
The adder is severely wounded.
* * * LOW HITPOINT WARNING * * *
You feel sick. The adder bites you.
You die...

##################
#>................
#.########...####.
#.# #...##### #.#
#..)'.... #.#
#...##### #.#####
#...'.... #S#...#
#...##### #@#...#
#........
#.#...####........
#.'...............
#.#...............
#.#......[........
#.#...............
#.##......########
#.##......#
#.#########


You could see an adder.

Vanquished Creatures
  2 adders (D:2)
  An ooze (D:2)
  A dart slug (D:1)
  A leopard gecko (D:1)
  2 ball pythons (D:1)
  4 giant cockroaches
  4 hobgoblins
  6 jackals
  A quokka (D:3)
  4 bats
  5 frilled lizards
  2 goblins
  2 kobolds
  5 rats
40 creatures vanquished.

Notes
Turn   | Place    | Note
-------+----------+-------------------------------------------
     0 | D:1      | Dfrag the Demonspawn Fire Elementalist began the quest for the Orb.
     0 | D:1      | Reached XP level 1. HP: 13/13 MP: 3/3
   157 | D:1      | Gained mutation: When hurt, damage is shared between your health and your magic reserves. [demonic ancestry]
   157 | D:1      | Reached XP level 2. HP: 15/19 MP: 3/5
   321 | D:1      | Reached skill level 3 in Fire Magic
   696 | D:2      | Gained mutation: You are partially covered in icy blue scales. (AC +2) [demonic ancestry]
   696 | D:2      | Reached XP level 3. HP: 19/24 MP: 3/6
  1563 | D:2      | Learned a level 3 spell: Conjure Flame
  1679 | D:3      | Gained mutation: You are slightly more attuned to the shadows. [demonic ancestry]
  1679 | D:3      | Reached XP level 4. HP: 16/30 MP: 2/8
  1697 | D:2      | Slain by an adder

Vault maps used:
D:1:      lightli_arrival_lavapool
D:2:      first_bread, amethyst_killhole, serial_bayou_pond_a, minmay_tromino_v7
D:3:      minmay_wonky_spiral, uniq_jessica

Skill      XL: |  1  2  3 |
---------------+----------+-----
Fire Magic     | 3 |  3.3
Conjurations   | 2 |  2.2
Dodging        | |  1.7
Stealth        | |  1.7
Spellcasting   | |  2.8

Action                   |  1- 3 |  4- 6 || total
-------------------------+-------+-------++-------
Melee: Club              |    62 |     5 ||    67
Throw: Tomahawk          |     9 |       ||     9
 Cast: Flame Tongue      |    52 |     5 ||    57
 Stab: Sleeping          |     1 |       ||     1
  Eat: Chunk             |     2 |       ||     2
Armor: Robe              |    21 |     1 ||    22
Dodge: Dodged            |   122 |    13 ||   135

Table legend:
 A = Spawn XP
 B = Non-spawn XP
 C = Spawn XP percentage of total XP
 D = Spawn monster count
 E = Non-spawn monster count
 F = Spawn count percentage of total count
 G = Total turns spent on level
                    A         B        C        D         E        F      G
               +---------+---------+-------+---------+---------+-------+---------
         Total |       0 |      97 |   0.0 |       0 |      40 |   0.0 |  1697
               +---------+---------+-------+---------+---------+-------+---------
           D:1 |       0 |      34 |   0.0 |       0 |      19 |   0.0 |   624
           D:2 |       0 |      51 |   0.0 |       0 |      13 |   0.0 |   979
           D:3 |       0 |      12 |   0.0 |       0 |       8 |   0.0 |    94
               +---------+---------+-------+---------+---------+-------+---------
